 Dungeon Crawl Stone Soup version 0.29.1-12-g30fa7ad0bf (webtiles) character file.

Game seed: 16355816083240244896

238 MisterFreud the Covert (level 6, -1/50 HPs)
             Began as a Gnoll Brigand on Dec 27, 2022.
             Slain by an ice beast (13 damage)
             ... on level 4 of the Dungeon.
             The game lasted 00:05:03 (3046 turns).

MisterFreud the Covert (Gnoll Brigand)              Turns: 3046, Time: 00:05:04

Health: -1/50      AC:  4    Str: 10    XL:     6   Next: 7%
Magic:  8/8        EV: 13    Int: 13    God:
Gold:   101        SH:  0    Dex: 13    Spells: 8/8 levels left

rFire   . . .      SeeInvis .   a - +2 dagger
rCold   . . .      Faith    .   (no shield)
rNeg    . . .      Spirit   .   b - +0 robe
rPois   .          Reflect  .   (no helmet)
rElec   .          Harm     .   c - +1 cloak
rCorr   .          Rampage  .   (no gloves)
Will    +....                   (no boots)
Stlth   ++++......              t - amulet of the acrobat
HPRegen 0.16/turn               r - ring of willpower
MPRegen 0.11/turn               (no ring)

@: no status effects
A: fangs 1, strong nose, distributed training
a: no special abilities


You were on level 4 of the Dungeon.
You visited 1 branch of the dungeon, and saw 4 of its levels.

You collected 101 gold pieces.

Inventory:

Hand Weapons
 a - a +2 dagger (weapon)
 o - a +0 rapier
 x - a +0 dagger of draining
Missiles
 d - 9 poisoned darts (quivered)
 e - 3 curare-tipped darts
 j - 5 atropa-tipped darts
 p - a throwing net
 q - 3 boomerangs
Armour
 b - a +0 robe (worn)
 c - a +1 cloak (worn)
Jewellery
 r - a ring of willpower (left hand)
 s - an amulet of faith
 t - an amulet of the acrobat (around neck)
 v - a ring of flight
 y - a +4 ring of evasion
Scrolls
 h - 2 scrolls of teleportation
 u - a scroll of fear
Potions
 f - 2 potions of curing
 g - a potion of ambrosia
 i - a potion of resistance
 k - a potion of heal wounds
 l - a potion of attraction {unknown}
 m - a potion of mutation
 n - a potion of haste {unknown}
 w - a potion of brilliance {unknown}


   Skills:
 + Level 4.9 Fighting
 + Level 4.9 Short Blades
 + Level 1.8 Long Blades
 + Level 1.8 Axes
 + Level 1.8 Maces & Flails
 + Level 1.8 Polearms
 + Level 1.8 Staves
 + Level 1.8 Ranged Weapons
 + Level 4.9 Throwing
 + Level 1.8 Armour
 + Level 3.2 Dodging
 + Level 8.0 Stealth
 + Level 1.8 Shields
 + Level 1.8 Unarmed Combat
 + Level 1.8 Spellcasting
 + Level 1.4 Conjurations
 + Level 1.4 Hexes
 + Level 1.4 Summonings
 + Level 1.4 Necromancy
 + Level 1.4 Translocations
 + Level 1.4 Transmutations
 + Level 1.4 Fire Magic
 + Level 1.4 Ice Magic
 + Level 1.4 Air Magic
 + Level 1.4 Earth Magic
 + Level 1.4 Poison Magic
 + Level 2.0 Invocations
 + Level 1.8 Evocations


You had 8 spell levels left.
You didn't know any spells.
Your spell library contained the following spells:

 Spells                   Type           Power      Damage    Failure   Level
 Inner Flame              Hex/Fire       5%         N/A       38%         3
 Anguish                  Hex/Necr       2%         N/A       80%         4
 Cause Fear               Hex            2%         N/A       80%         4
 Enfeeble                 Hex            2%         N/A       100%        7
 Discord                  Hex            2%         N/A       100%        8


Dungeon Overview and Level Annotations

Branches:
Dungeon (4/15)
 Temple: D:4-7

Altars:
Cheibriados
Kikubaaqudgha
Okawaru
Trog


Innate Abilities, Weirdness & Mutations

You have very sharp teeth.
Your uncanny sense of smell can sniff out nearby items.
Your experience applies equally to all skills.


Message History

The ice beast is lightly wounded.
The ice beast hits you. The ice beast freezes you!
You hit the ice beast.
The ice beast is moderately wounded.
The ice beast closely misses you.
You hit the ice beast. Your bite misses the ice beast.
The ice beast is moderately wounded.
The ice beast misses you.
You hit the ice beast but do no damage.
The ice beast is moderately wounded.
You barely miss the ice beast.
The ice beast is moderately wounded.
The ice beast barely misses you.
You hit the ice beast.
The ice beast is heavily wounded.
The ice beast hits you but does no damage.
You hit the ice beast.
The ice beast is heavily wounded.
The ice beast barely misses you.
You hit the ice beast.
The ice beast is severely wounded.
You closely miss the ice beast.
The ice beast is severely wounded.
The ice beast hits you but does no damage.
You barely miss the ice beast. Your bite misses the ice beast.
The ice beast is severely wounded.
The ice beast hits you. The ice beast freezes you!
You hit the ice beast.
The ice beast is almost dead.
The ice beast hits you. The ice beast freezes you.
* * * LOW HITPOINT WARNING * * *
You barely miss the ice beast.
The ice beast is almost dead.
You are too injured to fight recklessly!
You hit the ice beast but do no damage. You bite the ice beast.
The ice beast is almost dead.
The ice beast hits you.
* * * LOW HITPOINT WARNING * * *
The ice beast freezes you!
You die...

#.##.# ..##.# .. ...
... #.# ####.####
#.......#
#########.##.##.#
......Y@........#####
#########.##.!......#
#.#####.###.##
#.#####.##...#
#.......#.###.## ###
#..).# ...
#..#.###.## #..##...#
#..###)##


You could see an ice beast.

Vanquished Creatures
  A scorpion (D:4)
  An iguana (D:4)
  A scorpion zombie (D:3)
  A hound zombie (D:3)
  2 adders
  An adder zombie (D:3)
  A worm (D:4)
  3 dart slugs
  9 orcs
  4 ball pythons
  4 endoplasms
  3 giant cockroaches (D:1)
  9 goblins
  5 hobgoblins
  6 jackals
  3 quokkas
  A ball python skeleton (D:3)
  A ball python zombie (D:3)
  4 bats
  2 frilled lizards
  5 kobolds
  A quokka skeleton (D:3)
  3 rats
71 creatures vanquished.

Vanquished Creatures (others)
  3 withered plants (D:3)
3 creatures vanquished.

Grand Total: 74 creatures vanquished

Notes
Turn   | Place    | Note
-------+----------+-------------------------------------------
     0 | D:1      | MisterFreud the Gnoll Brigand began the quest for the Orb.
     0 | D:1      | Reached XP level 1. HP: 20/20 MP: 1/1
   235 | D:1      | Reached XP level 2. HP: 26/26 MP: 2/2
   319 | D:1      | Found a faded altar of an unknown god.
   770 | D:2      | Reached XP level 3. HP: 31/31 MP: 3/3
   847 | D:2      | Reached skill level 1 in Invocations
  1373 | D:2      | Found an ancient bone altar of Kikubaaqudgha.
  1468 | D:2      | Reached skill level 1 in Long Blades
  1468 | D:2      | Reached skill level 1 in Axes
  1468 | D:2      | Reached skill level 1 in Maces & Flails
  1468 | D:2      | Reached skill level 1 in Polearms
  1468 | D:2      | Reached skill level 1 in Staves
  1468 | D:2      | Reached skill level 1 in Ranged Weapons
  1468 | D:2      | Reached skill level 1 in Armour
  1468 | D:2      | Reached skill level 1 in Shields
  1468 | D:2      | Reached skill level 1 in Unarmed Combat
  1468 | D:2      | Reached skill level 1 in Spellcasting
  1468 | D:2      | Reached skill level 1 in Evocations
  1636 | D:3      | Reached XP level 4. HP: 33/38 MP: 5/5
  1775 | D:3      | Reached skill level 1 in Conjurations
  1775 | D:3      | Reached skill level 1 in Hexes
  1775 | D:3      | Reached skill level 1 in Summonings
  1775 | D:3      | Reached skill level 1 in Necromancy
  1775 | D:3      | Reached skill level 1 in Translocations
  1775 | D:3      | Reached skill level 1 in Transmutations
  1775 | D:3      | Reached skill level 1 in Fire Magic
  1775 | D:3      | Reached skill level 1 in Ice Magic
  1775 | D:3      | Reached skill level 1 in Air Magic
  1775 | D:3      | Reached skill level 1 in Earth Magic
  1775 | D:3      | Reached skill level 1 in Poison Magic
  2300 | D:3      | Reached XP level 5. HP: 30/43 MP: 5/7
  2676 | D:3      | Found an iron altar of Okawaru.
  2676 | D:3      | Found a bloodstained altar of Trog.
  2677 | D:3      | Found a snail-covered altar of Cheibriados.
  2869 | D:4      | Reached skill level 8 in Stealth
  2869 | D:4      | Reached XP level 6. HP: 50/50 MP: 8/8
  3023 | D:4      | Noticed an ice beast
  3046 | D:4      | Slain by an ice beast

Illustrated notes

Levels and vault maps discovered:
D:1:      dpeg_arrival_castle, layout_rooms,
          hellmonk_ecumenical_altar_crossroads, minmay_door_square
D:2:      layout_loops_cross, basic_altar
D:3:      layout_basic, gammafunk_temple_overflow_forgotten, serial_undead,
          serial_undead_f, serial_undead_f, serial_undead_e, serial_undead_c,
          grunt_decor_mini_mirrors, serial_park_tiny_2
D:4:      layout_loops_ring, kennysheep_generic_room_4

Skill      XL: |  1  2  3  4  5 |
---------------+----------------+-----
Invocations    | 1 2 |  2.0
Long Blades    | 1 |  1.8
Axes           | 1 |  1.8
Maces & Flails | 1 |  1.8
Polearms       | 1 |  1.8
Staves         | 1 |  1.8
Ranged Weapons | 1 |  1.8
Armour         | 1 |  1.8
Shields        | 1 |  1.8
Unarmed Combat | 1 |  1.8
Spellcasting   | 1 |  1.8
Evocations     | 1 |  1.8
Conjurations   | 1 |  1.4
Hexes          | 1 |  1.4
Summonings     | 1 |  1.4
Necromancy     | 1 |  1.4
Translocations | 1 |  1.4
Transmutations | 1 |  1.4
Fire Magic     | 1 |  1.4
Ice Magic      | 1 |  1.4
Air Magic      | 1 |  1.4
Earth Magic    | 1 |  1.4
Poison Magic   | 1 |  1.4
Dodging        | 3 |  3.2
Stealth        | 8 |  8.0
Fighting       | |  4.9
Short Blades   | |  4.9
Throwing       | |  4.9

Action                   |  1- 3 |  4- 6 || total
-------------------------+-------+-------++-------
Melee: Dagger            |   124 |   132 ||   256
       Bite              |     8 |    20 ||    28
       Punch             |       |     4 ||     4
  Use: Scroll            |     8 |     4 ||    12
 Stab: Sleeping          |    17 |     6 ||    23
       Distracted        |     1 |       ||     1
Armor: Robe              |    34 |    20 ||    54
Dodge: Dodged            |    60 |    54 ||   114
